 Dungeon Crawl Stone Soup version 0.29-a0-925-g0a7a3d12f8 (webtiles) character file.

Game seed: 11653780282143164230

2223 quixfox the Geomancer (level 9, -3/52 HPs)
             Began as a Gargoyle Earth Elementalist on July 30, 2022.
             Slain by an orc warrior
             ... wielding a +3 long sword
              (7 damage)
             ... on level 7 of the Dungeon.
             The game lasted 00:13:19 (6994 turns).

quixfox the Geomancer (Gargoyle Earth Elementalist) Turns: 6994, Time: 00:13:20

Health: -3/52      AC: 12    Str: 13    XL:     9   Next: 35%
Magic:  13/17      EV: 11    Int: 19    God:
Gold:   519        SH:  0    Dex: 10    Spells: 13/19 levels left

rFire   . . .      SeeInvis .   e - +3 falchion (holy)
rCold   . . .      Faith    .   (no shield)
rNeg    + . .      Spirit   .   a - +0 robe
rPois   ∞          Reflect  .   f - +2 helmet
rElec   +          Harm     .   (no cloak)
rCorr   +          Rampage  .   (no gloves)
Will    .....                   (no boots)
Stlth   ++........              (no amulet)
HPRegen 0.17/turn               n - ring of resist corrosion
MPRegen 0.15/turn               (no ring)

@: no status effects
A: sickness immunity, AC +6, negative energy resistance 1, electricity
resistance, torment resistance 1, petrification resistance
a: no special abilities


You were on level 7 of the Dungeon.
You visited 1 branch of the dungeon, and saw 7 of its levels.

You collected 519 gold pieces.

Inventory:

Hand Weapons
 e - a +3 falchion of holy wrath (weapon)
Armour
 a - a +0 robe (worn)
 f - a +2 helmet (worn)
Jewellery
 n - a ring of resist corrosion (left hand)
Scrolls
 c - a scroll of teleportation
 g - 2 scrolls of enchant armour
Potions
 b - 2 potions of magic
 d - a potion of attraction {unknown}
 h - 2 potions of haste {unknown}
 i - a potion of flight {unknown}
 k - 2 potions of lignification
 l - 2 potions of brilliance
 m - a potion of resistance {unknown}
 o - 2 potions of curing {unknown}
 p - 2 potions of might {unknown}
 r - 3 potions of invisibility
 s - 2 potions of degeneration {unknown}
 u - 3 potions of mutation {unknown}


   Skills:
 + Level 4.4 Fighting
 + Level 4.4 Armour
 - Level 1.5 Dodging
 - Level 2.1 Stealth
 + Level 5.9 Spellcasting
 + Level 6.2 Conjurations
 - Level 0.7 Transmutations
 + Level 8.3 Earth Magic


You had 13 spell levels left.
You knew the following spells:

 Your Spells              Type           Power      Damage    Failure   Level
a - Sandblast             Erth           74%        2d16      1%          1
b - Passwall              Tmut/Erth      18%        N/A       2%          2
c - Stone Arrow           Conj/Erth      66%        3d11      1%          3

Your spell library contained the following spells:

 Spells                   Type           Power      Damage    Failure   Level
 Freeze                   Ice            20%        1d4       12%         1
 Slow                     Hex            20%        N/A       12%         1
 Petrify                  Tmut/Erth      22%        N/A       17%         4
 Hailstorm                Conj/Ice       17%        3d6       30%         4
 Confusing Touch          Hex            5%         N/A       34%         3
 Frozen Ramparts          Ice            10%        1d3       34%         3
 Gell's Gravitas          Tloc           5%         N/A       34%         3
 Teleport Other           Tloc           5%         N/A       34%         3
 Vampiric Draining        Necr           5%         2d6       34%         3
 Metabolic Englaciation   Hex/Ice        2%         N/A       97%         5
 Dispersal                Tloc           2%         N/A       100%        6
 Statue Form              Tmut/Erth      Unusable   N/A       N/A         6

Dungeon Overview and Level Annotations

Branches:
Dungeon (7/15)
 Temple: D:4-7

Altars:
Ashenzari
Gozag
Hepliaklqana
Kikubaaqudgha
Sif Muna
Uskayaw
Wu Jian

Shops:
D:1 :   D:4 (


Innate Abilities, Weirdness & Mutations

You are immune to sickness and miasma.
Your stone body is resilient. (AC +6)
You are immune to poison.
You resist negative energy. (rN+)
You are resistant to electric shocks. (rElec)
You are resistant to unholy torment.
You are immune to petrification.


Message History

Aim: an orc warrior, wielding a +3 long sword and wearing a +0 plate armour (lightly wounded, 84% to hit)
The blast of sand hits the orc warrior!
The orc warrior is heavily wounded.
The orc warrior closely misses you.
The orc warrior hits you with a +3 long sword.
Aiming: Sandblast (safe; 1% risk of failure)
Press: ? - help, Q - select action, (/) - cycle Shift-Dir - straight line, f/p - orc warrior
Aim: an orc warrior, wielding a +3 long sword and wearing a +0 plate armour (heavily wounded, 84% to hit)
The blast of sand hits the orc warrior but does no damage.
The orc warrior is heavily wounded.
The orc warrior hits you with a +3 long sword!
The orc warrior hits you but does no damage.
Aiming: Sandblast (safe; 1% risk of failure)
Press: ? - help, Q - select action, (/) - cycle Shift-Dir - straight line, f/p - orc warrior
Aim: an orc warrior, wielding a +3 long sword and wearing a +0 plate armour (heavily wounded, 84% to hit)
The blast of sand hits the orc warrior.
The orc warrior is heavily wounded.
The orc warrior hits you with a +3 long sword.
* * * LOW HITPOINT WARNING * * *
The orc warrior hits you but does no damage.
Aiming: Sandblast (safe; 1% risk of failure)
Press: ? - help, Q - select action, (/) - cycle Shift-Dir - straight line, f/p - orc warrior
Aim: an orc warrior, wielding a +3 long sword and wearing a +0 plate armour (heavily wounded, 84% to hit)
The blast of sand misses the orc warrior.
The blast of sand hits the orc!!
You kill the orc!
The orc warrior barely misses you. The orc warrior closely misses you.
Aiming: Sandblast (safe; 1% risk of failure)
Press: ? - help, Q - select action, (/) - cycle Shift-Dir - straight line, f/p - orc warrior
Aim: an orc warrior, wielding a +3 long sword and wearing a +0 plate armour (heavily wounded, 84% to hit)
The blast of sand hits the orc warrior!
The orc warrior is almost dead.
The orc warrior hits you with a +3 long sword!
* * * LOW HITPOINT WARNING * * *
The orc warrior hits you but does no damage.
Okay, then.
The air fills with toxic fumes!
As you read the scroll of poison, it crumbles to dust.
The orc warrior hits you with a +3 long sword!
You die...

###### # #§...# ## ####§§§.#
###### #. ....§§§§### #....#####.
#§§§§§§########§...#.....
##§§§§§oo@§§§§§§§......###
#.§§§§####§§§###§...#.##
#.§...######§§##....#.#### ####
##..######.....§§§§.........
....##>. #####.#....§§§.......##
....#..####...........§§........#
............##.........§........#
...............#......).........#
..........######................#


You could see an orc warrior and an orc.

Vanquished Creatures
  Sigmund (D:3)
  A steam dragon (D:7)
  Edmund (D:6)
  A black bear (D:7)
  An ogre (D:7)
  A centaur (D:6)
  4 phantoms
  A bullfrog (D:7)
  A necrophage (D:6)
  4 scorpions
  6 killer bees
  An orc priest (D:7)
  2 jellies
  5 hounds
  Jessica (D:3)
  3 orc wizards
  5 iguanas
  4 adders
  3 white imps (D:6)
  A worm (D:5)
  6 dart slugs
  16 orcs
  4 ball pythons
  7 endoplasms
  2 giant cockroaches (D:3)
  6 goblins
  6 hobgoblins
  9 jackals
  2 quokkas (D:3)
  5 bats
  A frilled lizard (D:1)
  9 kobolds
  7 rats
  A spectral orc (D:6)
128 creatures vanquished.

Vanquished Creatures (others)
  A plant (D:6)
1 creature vanquished.

Grand Total: 129 creatures vanquished

Notes
Turn   | Place    | Note
-------+----------+-------------------------------------------
     0 | D:1      | quixfox the Gargoyle Earth Elementalist began the quest for
                  | the Orb.
     0 | D:1      | Reached XP level 1. HP: 10/10 MP: 3/3
   183 | D:1      | Reached XP level 2. HP: 15/15 MP: 1/5
   188 | D:1      | Reached skill level 4 in Earth Magic
   295 | D:1      | Found Giustomo's Vocational Training.
  1317 | D:2      | Reached XP level 3. HP: 19/19 MP: 4/6
  1320 | D:2      | Learned a level 2 spell: Passwall
  1324 | D:2      | Learned a level 3 spell: Stone Arrow
  1864 | D:2      | Found a faded altar of an unknown god.
  2042 | D:3      | Noticed Jessica
  2045 | D:3      | Killed Jessica
  2046 | D:3      | Reached skill level 1 in Conjurations
  2046 | D:3      | Reached XP level 4. HP: 24/24 MP: 6/8
  2120 | D:3      | Found a shimmering blue altar of Sif Muna.
  2178 | D:3      | Noticed Sigmund
  2184 | D:3      | Killed Sigmund
  2185 | D:3      | Reached skill level 5 in Earth Magic
  2185 | D:3      | Reached XP level 5. HP: 7/28 MP: 3/10
  2185 | D:3      | Reached XP level 6. HP: 8/32 MP: 3/11
  2755 | D:3      | Noticed a +0 dagger
  2755 | D:3      | Noticed a +0 dagger
  2759 | D:3      | Found a hide-covered altar of Uskayaw.
  2790 | D:3      | Found a broken altar of Ashenzari.
  3083 | D:4      | Noticed an ice beast
  3927 | D:4      | Found Kuepuw's Weapon Shoppe.
  4272 | D:5      | Entered Level 5 of the Dungeon
  4274 | D:5      | Reached skill level 6 in Earth Magic
  4290 | D:5      | Found an opulent altar of Gozag.
  4469 | D:5      | Found an ancient bone altar of Kikubaaqudgha.
  4481 | D:5      | Reached XP level 7. HP: 30/36 MP: 8/13
  4578 | D:5      | Found an ornate altar of the Wu Jian Council.
  4729 | D:5      | Reached skill level 1 in Fighting
  4729 | D:5      | Reached skill level 1 in Armour
  5586 | D:6      | Found a hazy altar of Hepliaklqana.
  5592 | D:6      | Noticed Edmund
  5601 | D:6      | Reached XP level 8. HP: 31/44 MP: 10/15
  5603 | D:6      | Killed Edmund
  5604 | D:6      | Reached skill level 5 in Spellcasting
  5604 | D:6      | Reached skill level 7 in Earth Magic
  5859 | D:6      | Reached skill level 5 in Conjurations
  6416 | D:6      | Reached XP level 9. HP: 16/52 MP: 12/17
  6700 | D:7      | Reached skill level 8 in Earth Magic
  6994 | D:7      | Slain by an orc warrior

Illustrated notes

Levels and vault maps discovered:
D:1:      minmay_arrival_jagged, layout_basic, nicolae_shop_vocational
D:2:      layout_rooms, dilly_ecumenical_altar_fadedgnrine
D:3:      layout_rooms, mainiacjoe_overflow_brackets, dancing_weapons_uskayaw,
          nicolae_sif_muna_condensation, minmay_puff, uniq_jessica, uniq_sigmund
D:4:      layout_gridville, serial_shops, nicolae_lakefront_shop,
          patterned_corridor
D:5:      layout_rooms, amcnicky_altar_gilded,
          mainiacjoe_overflow_catwalk_spiral, serial_curves, eino_curves_02,
          eino_curves_02, eino_curves_03
D:6:      layout_cave_pools, nicolae_hepliaklqana_monster_ancestors,
          serial_bayou_pond_c, minmay_misc_feat_square, uniq_edmund
D:7:      layout_rooms, minmay_temple_entry_poolview, feat_on_display

Skill      XL: |  1  2  3  4  5  6  7  8  9 |
---------------+----------------------------+-----
Earth Magic    | 4 5 6 7 8 |  8.3
Spellcasting   | 3 4 5 |  5.9
Conjurations   | 1 3 4 5 6 |  6.2
Fighting       | 1 3 4 |  4.4
Armour         | 1 3 4 |  4.4
Dodging        | |  1.5
Stealth        | |  2.1
Transmutations | |  0.7

Action                   |  1- 3 |  4- 6 |  7- 9 || total
-------------------------+-------+-------+-------++-------
Melee: Short sword       |     6 |       |       ||     6
       Falchion          |       |     2 |     3 ||     5
 Cast: Sandblast         |    55 |    74 |   116 ||   245
       Passwall          |       |       |     1 ||     1
  Use: Scroll            |       |     7 |     7 ||    14
       Potion            |       |       |     2 ||     2
Armor: Robe              |    24 |    26 |    72 ||   122
Dodge: Dodged            |    31 |    31 |    87 ||   149

Table legend: (Time is in decaauts)
 A = Elapsed time spent in this place.
 B = Non-inter-level travel time spent in this place.
 C = Inter-level travel time spent in this place.
 D = Time resting spent in this place.
 E = Time spent auto-exploring this place.
 F = Levels seen in this place.
 G = Mean time per level.
                   A        B        C        D        E       F      G
               +--------+--------+--------+--------+--------+-----+--------+
         Total |   7241 |   6991 |    250 |    753 |   5073 |   7 | 1034.4 |
       Dungeon |   7241 |   6991 |    250 |    753 |   5073 |   7 | 1034.4 |
               +--------+--------+--------+--------+--------+-----+--------+

Top non-repeatable levels by time:
     D:4: 1379 daAuts
     D:1: 1270 daAuts
     D:5: 1211 daAuts
     D:6: 1161 daAuts
     D:3: 1087 daAuts
     D:2: 651 daAuts
     D:7: 479 daAuts
